 Dungeon Crawl Stone Soup version 0.27-a0-720-g3f424a255b (webtiles) character file.

Game seed: 1755690838238235040

30 Gaff the Shield-Bearer (level 3, 0/25 HPs)
             Began as a Halfling Fighter on Mar 22, 2021.
             Slain by Sigmund
             ... wielding a +0 scythe
              (7 damage)
             ... on level 2 of the Dungeon.
             The game lasted 00:02:27 (1121 turns).

Gaff the Shield-Bearer (Halfling Fighter)           Turns: 1121, Time: 00:02:27

Health: 0/25       AC:  8    Str: 18    XL:     3   Next: 37%
Magic:  3/3        EV: 11    Int:  6    God:
Gold:   95         SH:  5    Dex: 13    Spells: 2/2 levels left

rFire    . . .     SeeInvis .   a - +0 rapier
rCold    . . .     Faith    .   c - +0 buckler
rNeg     . . .     Spirit   .   b - +0 scale mail
rPois    .         Reflect  .   (no helmet)
rElec    .         Harm     .   (no cloak)
rCorr    .         Rampage  .   (no gloves)
Will     .....                  i - +0 pair of boots
Stlth    ..........             f - amulet of magic regeneration
HPRegen  0.08/turn              (no ring)
MPRegen  0.33/turn              (no ring)

@: no status effects
A: small, no large weapons, mutation resistance 1
a: no special abilities


You were on level 2 of the Dungeon.
You visited 1 branch of the dungeon, and saw 2 of its levels.

You collected 95 gold pieces.

Inventory:

Hand Weapons
 a - a +0 rapier (weapon)
Missiles
 e - 36 stones (quivered)
Armour
 b - a +0 scale mail (worn)
 c - a +0 buckler (worn)
 i - a +0 pair of boots (worn)
Jewellery
 f - an amulet of magic regeneration (around neck)
Scrolls
 g - a scroll of identify {unknown}
 h - a scroll of amnesia {unknown}
 j - a scroll of fog {unknown}
 k - a scroll of enchant weapon {unknown}
Potions
 d - a potion of might


   Skills:
 - Level 2.6 Fighting
 - Level 2.4 Short Blades
 * Level 3.3 Slings
 - Level 3.2 Armour
 + Level 3.7 Shields


You had 2 spell levels left.
You didn't know any spells.
Your spell library was empty.

Dungeon Overview and Level Annotations

Branches:
Dungeon (2/15)

Altars:

Annotations:
D:2 Sigmund


Innate Abilities, Weirdness & Mutations

You are small and have problems with some larger weapons.
You are somewhat resistant to further mutation.


Message History

You kill the quokka!
e - 36 stones (gained 3)
Things that are here:
a +0 whip; a kobold corpse You start resting.
HP restored.
Found a stone staircase leading down.
Found a robe.
j - a scroll labelled JOLEUT YCRAQA You now have 95 gold pieces (gained 16).
Found a stone staircase leading down.
A frilled lizard comes into view.
The frilled lizard hisses angrily.
Found a whip.
You hit the frilled lizard.
You kill the frilled lizard!
No target in view!
k - a scroll labelled CICVAICWIU
Found 20 bolts.
You see here 20 bolts.
Sigmund the Dreaded comes into view.
He is wielding a +0 scythe.
Sigmund shouts!
Sigmund hits you from afar with a +0 scythe.
Sigmund hits you but does no damage. Sigmund barely misses you.
You completely miss Sigmund.
Sigmund gestures at himself while chanting.
Sigmund flickers and vanishes!
Deactivating autopickup; reactivate with Ctrl-A.
Something hits you!
You barely miss something. Something hits you.
* * * LOW HITPOINT WARNING * * *
You closely miss something. Something hits you.
* * * LOW HITPOINT WARNING * * *
You miss something. Something hits you.
* * * LOW HITPOINT WARNING * * *
You closely miss something. Something hits you but does no damage.
You closely miss something. Something hits you but does no damage.
You closely miss something. Something hits you!
You die...

#..>.........................
#.....#.###########........##
#.....#.######### ##########
#.....#......(..#
#.....#########.# ... #######
######.##.... #.............
#..{.......... #..@......####
#.........# #...........#
#.########### #


There were no monsters in sight!

Vanquished Creatures
  2 ball pythons
  A goblin (D:1)
  5 hobgoblins (D:1)
  2 jackals (D:1)
  An ooze (D:1)
  A quokka (D:2)
  4 bats (D:1)
  3 frilled lizards
  6 kobolds
  2 rats
27 creatures vanquished.

Notes
Turn   | Place    | Note
-------+----------+-------------------------------------------
     0 | D:1      | Gaff the Halfling Fighter began the quest for the Orb.
     0 | D:1      | Reached XP level 1. HP: 15/15 MP: 1/1
    99 | D:1      | Reached skill level 1 in Slings
   109 | D:1      | Reached XP level 2. HP: 8/20 MP: 2/2
   375 | D:1      | Reached XP level 3. HP: 22/25 MP: 3/3
  1111 | D:2      | Noticed Sigmund
  1121 | D:2      | Slain by Sigmund

Illustrated notes

Levels and vault maps discovered:
D:1:      dpeg_arrival_stone_temple_mockup, layout_rooms, st_stairs_12,
          kennysheep_minor_cross
D:2:      layout_basic, uniq_sigmund

Skill      XL: |  1  2  3 |
---------------+----------+-----
Slings         | 1 2 3 |  3.3
Fighting       | |  2.6
Short Blades   | |  2.4
Armour         | |  3.2
Shields        | |  3.7

Action                   || total
-------------------------++-------
Melee: Rapier            ||    76
Armor: Scale mail        ||    53
Dodge: Dodged            ||    74
Block: Buckler           ||    33

Table legend: (Time is in decaauts)
 A = Elapsed time spent in this place.
 B = Non-inter-level travel time spent in this place.
 C = Inter-level travel time spent in this place.
 D = Time resting spent in this place.
 E = Time spent auto-exploring this place.
 F = Levels seen in this place.
 G = Mean time per level.
                   A        B        C        D        E       F      G
               +--------+--------+--------+--------+--------+-----+--------+
         Total |   1128 |   1112 |     16 |    348 |    526 |   2 |  564.0 |
       Dungeon |   1128 |   1112 |     16 |    348 |    526 |   2 |  564.0 |
               +--------+--------+--------+--------+--------+-----+--------+

Top non-repeatable levels by time:
     D:1: 840 daAuts
     D:2: 288 daAuts
